AoeStats
← El pistolas

Arena

509900328Analyzed
1v1 RM · 2d ago on Sep 28, 2026· 56m 48s· 2 players
Game mode
Random Map
Map size
Tiny (2 player)
Population
200
Speed
Normal
Resources
Standard
Victory
Conquest
Starting age
Dark Age
Ending age
Imperial Age
RankedLock teamsTeams togetherTeam positionsShared explorationLock speedFull tech treeHidden civsTurbo modeCheats
Victory
Defeat
🇪🇸 Persians · Spain
255
+14
🇲🇽 Varangians · Mexico
221
-14
King zEvil7553
10:30 Feudal Age
10:58 Double-Bit Axe
11:57 Wheelbarrow
12:43 Horse Collar
23:01 Castle Age
22:47 Gold Mining
26:19 Hand Cart
36:23 Scale Barding Armor
36:28 Forging
36:19 Scale Mail Armor
36:35 Gambesons
40:05 Chain Mail Armor
40:14 Chain Barding Armor
44:30 Iron Casting
47:24 Arson
50:55 Heavy Plow
52:20 Padded Archer Armor
El pistolas
10:18 Feudal Age
11:40 Wheelbarrow
15:32 Double-Bit Axe
15:29 Horse Collar
22:37 Castle Age
20:57 Gold Mining
20:57 Stone Mining
22:08 Stone Mining
23:26 Bow Saw
23:23 Heavy Plow
24:04 Husbandry
25:31 Hand Cart
29:16 Kamandaran
35:43 Crossbowman
36:29 Thumb Ring
40:23 Gold Shaft Mining
40:23 Stone Shaft Mining
40:04 Town Watch
44:23 Imperial Age
42:03 Murder Holes
41:59 Heated Shot
42:30 Ballistics
42:14 Scale Mail Armor
42:20 Scale Barding Armor
42:25 Forging
42:21 Padded Archer Armor
42:12 Fletching
44:03 Bloodlines
44:19 Chain Barding Armor
44:14 Chain Mail Armor
46:23 Citadels
46:10 Cavalier
48:19 Two-Man Saw
47:52 Crop Rotation
49:30 Savar
51:08 Elite War Elephant
55:53 Chemistry
Connection lost

Rejoining the realm…

Still unreachable

The connection could not be restored.

Session expired

The server has moved on; the page needs a fresh start.